 Dungeon Crawl Stone Soup version 0.26-a0-660-gc07710193c (webtiles) character file.

Game seed: 16615987429358715276

16 tom967 the Ruffian (level 2, -1/23 HPs)
             Began as a Draconian Transmuter on Oct 8, 2020.
             Slain by a hobgoblin (3 damage)
             ... on level 1 of the Dungeon.
             The game lasted 00:07:44 (1061 turns).

tom967 the Ruffian (Draconian Transmuter)           Turns: 1061, Time: 00:07:45

Health: -1/23      AC:  4    Str: 12    XL:     2   Next: 37%
Magic:  5/5        EV: 12    Int: 13    God:
Gold:   10         SH:  0    Dex: 11    Spells: 4/5 levels left

rFire    . . .     SeeInvis .   a - +0 mace
rCold    . . .     Faith    .   (no shield)
rNeg     . . .     Spirit   .   (armour unavailable)
rPois    .         Reflect  .   (helmet restricted)
rElec    .         Harm     .   (no cloak)
rCorr    .         Rampage  .   (no gloves)
MR       .....                  (no boots)
Stlth    +.........             (no amulet)
HPRegen  0.07/turn              (no ring)
MPRegen  0.09/turn              (no ring)

@: no status effects
A: unfitting armour, cold-blooded, AC +4
a: no special abilities


You were on level 1 of the Dungeon.
You visited 1 branch of the dungeon, and saw 1 of its levels.

You collected 10 gold pieces.

Inventory:

Hand Weapons
 a - a +0 mace (weapon)
Missiles
 c - 26 stones (quivered)
Scrolls
 b - a scroll of remove curse {unknown}
 d - a scroll of random uselessness {unknown}


   Skills:
 - Level 1.1 Fighting
 - Level 1.7 Dodging
 - Level 3.0 Unarmed Combat
 * Level 2.4 Spellcasting
 * Level 2.5 Transmutations


You had 4 spell levels left.
You knew the following spells:

 Your Spells              Type           Power        Failure   Level
a - Beastly Appendage     Tmut           #.....       9%          1

Your spell library contained the following spells:

 Spells                   Type           Power        Failure   Level
 Wereblood                Tmut           #.......     13%         2
 Spider Form              Tmut/Pois      #.........   41%         3
 Ice Form                 Ice/Tmut       #.......     82%         4
 Blade Hands              Tmut           #.........   94%         5


Dungeon Overview and Level Annotations

Branches:
Dungeon (1/15)

Altars:


Innate Abilities, Weirdness & Mutations

Your plain brown scales are hard. (AC +4)
You cannot fit into any form of body armour.
You are cold-blooded and may be slowed by cold attacks.


Message History

The bat barely misses you.
The hobgoblin hits you but does no damage.
The bat hits you but does no damage. The bat closely misses you. x2
The hobgoblin hits you but does no damage.
The bat hits you but does no damage. The bat closely misses you.
The hobgoblin hits you. The bat hits you.
* * * LOW HITPOINT WARNING * * *
The hobgoblin barely misses you. The bat misses you.
The hobgoblin hits you but does no damage.
The bat hits you.
* * * LOW HITPOINT WARNING * * *
The hobgoblin hits you but does no damage.
The bat barely misses you. The hobgoblin misses you.
The bat closely misses you. The hobgoblin misses you.
The bat hits you but does no damage. The hobgoblin hits you.
* * * LOW HITPOINT WARNING * * *
The bat hits you but does no damage. The hobgoblin hits you.
You die...

## #.. .. ..... #.#
.# ..... #.# .#
##...###.# ###$#
##.....##.# #...#
##.......#.# #..##
#..........###...#.#
+...........g@b....#
#.>................#
#.......######.####
##.....## .# ##...##
.# ##'## .# #.# .#
#.# .# ###.###


You could see a hobgoblin and a bat.

Vanquished Creatures
  3 bats (D:1)
  3 goblins (D:1)
  4 hobgoblins (D:1)
  2 frilled lizards (D:1)
  A kobold (D:1)
  2 rats (D:1)
15 creatures vanquished.

Notes
Turn   | Place    | Note
-------+----------+-------------------------------------------
     0 | D:1      | tom967 the Draconian Transmuter began the quest for the
                  | Orb.
     0 | D:1      | Reached XP level 1. HP: 16/16 MP: 3/3
   302 | D:1      | Reached XP level 2. HP: 4/23 MP: 3/5
  1061 | D:1      | Slain by a hobgoblin

Illustrated notes

Levels and vault maps discovered:
D:1:      dpeg_arrival_brainrot, layout_loops_corners, hangedman_glass_teeth

Action                   || total
-------------------------++-------
Melee: Mace              ||    39
       Unarmed           ||     4
       Headbutt          ||     3
       Tailslap          ||     4
       Kick              ||     2
 Cast: Beastly Appendage ||     9
Armor: Skin              ||    43
Dodge: Dodged            ||    82

Table legend: (Time is in decaauts)
 A = Elapsed time spent in this place.
 B = Non-inter-level travel time spent in this place.
 C = Inter-level travel time spent in this place.
 D = Time resting spent in this place.
 E = Time spent auto-exploring this place.
 F = Levels seen in this place.
 G = Mean time per level.
                   A        B        C        D        E       F      G
               +--------+--------+--------+--------+--------+-----+--------+
         Total |   1075 |    910 |    165 |    468 |    231 |   1 | 1075.0 |
       Dungeon |   1075 |    910 |    165 |    468 |    231 |   1 | 1075.0 |
               +--------+--------+--------+--------+--------+-----+--------+

Top non-repeatable levels by time:
     D:1: 1075 daAuts
